 Dungeon Crawl Stone Soup version 0.28.0-53-g5a82cb258f (webtiles) character file.

Game seed: 18404854629596614260

10 Zeld the Gusty (level 2, 0/15 HPs)
             Began as a Tengu Air Elementalist on June 14, 2022.
             Slain by a quokka (4 damage)
             ... on level 1 of the Dungeon.
             The game lasted 00:00:44 (238 turns).

Zeld the Gusty (Tengu Air Elementalist)              Turns: 238, Time: 00:00:44

Health: 0/15       AC:  2    Str:  8    XL:     2   Next: 20%
Magic:  0/6        EV: 12    Int: 15    God:
Gold:   0          SH:  0    Dex: 14    Spells: 4/5 levels left

rFire   . . .      SeeInvis .   (no weapon)
rCold   . . .      Faith    .   (no shield)
rNeg    . . .      Spirit   .   a - +0 robe
rPois   .          Reflect  .   (helmet restricted)
rElec   .          Harm     .   (no cloak)
rCorr   .          Rampage  .   (no gloves)
Will    .....                   (boots unavailable)
Stlth   ++........              (no amulet)
HPRegen 0.05/turn               (no ring)
MPRegen 0.10/turn               (no ring)

@: very slightly contaminated
A: beak, talons 3
a: no special abilities


You were on level 1 of the Dungeon.
You visited 1 branch of the dungeon, and saw 1 of its levels.

Inventory:

Armour
 a - a +0 robe (worn)
Potions
 b - a potion of heal wounds {unknown}


   Skills:
 - Level 2.1 Dodging
 - Level 2.0 Stealth
 * Level 2.3 Spellcasting
 + Level 1.8 Conjurations
 * Level 4.3 Air Magic


You had 4 spell levels left.
You knew the following spells:

 Your Spells              Type           Power      Damage    Failure   Level
a - Shock                 Conj/Air       44%        1d5       6%          1

Your spell library contained the following spells:

 Spells                   Type           Power      Damage    Failure   Level
 Static Discharge         Conj/Air       11%        N/A       9%          2
 Swiftness                Air            14%        N/A       11%         3
 Airstrike                Air            7%         N/A       34%         4


Dungeon Overview and Level Annotations

Branches:
Dungeon (1/15)

Altars:


Innate Abilities, Weirdness & Mutations

You have a beak for a mouth.
You have claws for feet.


Message History

Press: ? - help, Shift-Dir - straight line, f - jackal
Aim: a jackal (heavily wounded, 60% to hit)
The zap hits the jackal.
The jackal is almost dead.
The zap hits the goblin.
You kill the goblin!
The zap hits the frilled lizard.
You kill the frilled lizard!
The jackal bites you. The jackal misses you.
Unknown command.
You closely miss the jackal. You claw the jackal, but do no damage.
Your peck misses the jackal.
The jackal is almost dead.
The jackal closely misses you.
You closely miss the jackal.
The jackal is almost dead.
The jackal completely misses you.
Casting: Shock (safe; 6% risk of failure)
Confirm with . or Enter, or press ? or * to list all spells.
Aiming: Shock (safe; 6% risk of failure)
Press: ? - help, Shift-Dir - straight line, f/p - jackal
Aim: a jackal (almost dead, 60% to hit)
The zap hits the jackal.
You kill the jackal!
The zap misses the goblin.
Unknown command.
Unknown command.
The quokka misses you.
There is an open door here.
Casting: Shock (safe; 6% risk of failure)
Confirm with . or Enter, or press ? or * to list all spells.
Aiming: Shock (safe; 6% risk of failure)
Press: ? - help, Shift-Dir - straight line, f - goblin
Aim: a goblin, wielding a +1 dagger of electrocution (60% to hit)
You miscast Shock.
You are very lightly contaminated with residual magic.
Nothing appears to happen.
The quokka bites you.
* * * LOW HITPOINT WARNING * * *
The quokka bites you.
You die...

#.# #.# ##### #.# #...##### #.#
#.......########## #.#
#................# #.#
############......(.......###.#
...).................>....'...#
##########...##.@.........#####
......P≈≈#...###r##########
###.##≈≈P#......g.....# #
#.##PP≈##.........).# #
#≈≈P##.##...........#
#PP≈##.##...........#
#≈PP...##...........###
≈P≈#####.##.............# P≈≈
#.##.............#


You could see a quokka and a goblin.

Vanquished Creatures
  A ball python (D:1)
  2 goblins (D:1)
  3 jackals (D:1)
  A quokka (D:1)
  A frilled lizard (D:1)
8 creatures vanquished.

Notes
Turn   | Place    | Note
-------+----------+-------------------------------------------
     0 | D:1      | Zeld the Tengu Air Elementalist began the quest for the
                  | Orb.
     0 | D:1      | Reached XP level 1. HP: 10/10 MP: 4/4
   216 | D:1      | Reached XP level 2. HP: 12/15 MP: 1/6
   238 | D:1      | Slain by a quokka

Illustrated notes

Levels and vault maps discovered:
D:1:      psy_arrival_conway, layout_basic, chequers_ecumenical_altar_grove

Action                   || total
-------------------------++-------
Melee: Unarmed           ||     2
       Kick              ||     1
 Cast: Shock             ||     9
Dodge: Dodged            ||    10
